 Seeded DCSS version 0.30.1-4-g462c640d31 (webtiles) character file.

Game seed: 6351066067085065685 (custom seed)

639 Esekla the Magician (level 7, -3/36 HPs)
             Began as a Deep Elf Wanderer on Sept 6, 2023.
             Was a Follower of Vehumet.
             Killed from afar by a white imp (8 damage)
             ... with a puff of frost
             ... on level 6 of the Dungeon on Sept 7, 2023.
             The game lasted 00:34:09 (4917 turns).

Esekla the Magician (Deep Elf Wanderer)             Turns: 4917, Time: 00:34:09

Health: -3/36      AC:  4    Str: 11    XL:     7   Next: 25%
Magic:  20/20      EV: 12    Int: 20    God:    Vehumet [*.....]
Gold:   276        SH:  4    Dex: 14    Spells: 11/21 levels left

rFire   . . .        s - +5 rapier of the Hero {heavy, rN+ Dex+3}
rCold   . . .        d - +0 buckler
rNeg    + . .        c - +0 robe
rPois   .            l - +0 helmet
rElec   .            (no cloak)
rCorr   .            j - +0 pair of gloves
SInv    .            (no boots)
Will    .....        y - amulet of magic regeneration
Stlth   ++           (no ring)
HPRegen 0.26/turn    (no ring)
MPRegen 0.57/turn

%: no passive effects
@: no status effects
A: no striking features
a: Renounce Religion


You were on level 6 of the Dungeon.
You worshipped Vehumet.
Vehumet was aware of your devotion.
You visited 1 branch of the dungeon, and saw 6 of its levels.

You collected 276 gold pieces.

Inventory:

Hand Weapons
 a - a +2 vampiric dagger
 r - a +0 trident
 s - the +5 rapier of the Hero (weapon) {heavy, rN+ Dex+3}
   (You found it on level 3 of the Dungeon)

   Dex:       It affects your dexterity (+3).
   rN:        It protects you from negative energy.
Missiles
 A - 8 poisoned darts (quivered)
Armour
 c - a +0 robe (worn)
 d - a +0 buckler (worn)
 j - a +0 pair of gloves (worn)
 l - a +0 helmet (worn)
Jewellery
 y - an amulet of magic regeneration (around neck)
Wands
 t - a wand of roots (16)
 D - a wand of flame (15)
Scrolls
 f - 3 scrolls of fear {unknown}
 g - 5 scrolls of identify {unknown}
 n - 2 scrolls of amnesia {unknown}
 o - 3 scrolls of enchant weapon {unknown}
 p - a scroll of enchant armour {unknown}
 q - 2 scrolls of fog {unknown}
 u - 2 scrolls of blinking {unknown}
 v - a scroll of immolation {unknown}
 z - a scroll of magic mapping {unknown}
 B - a scroll of silence {unknown}
 C - a scroll of summoning {unknown}
Potions
 b - 2 potions of lignification
 e - a potion of ambrosia {unknown}
 h - 2 potions of attraction {unknown}
 i - 2 potions of heal wounds {unknown}
 k - 5 potions of curing {unknown}
 m - a potion of mutation {unknown}
 w - a potion of haste {unknown}
 x - 3 potions of brilliance {unknown}


   Skills:
 + Level 1.4 Short Blades
 + Level 0.4 Throwing
 * Level 3.3 Dodging
 + Level 1.4 Stealth
 * Level 2.4 Shields
 * Level 7.8 Spellcasting
 + Level 1.2 Conjurations
 * Level 3.5 Necromancy
 + Level 3.4 Translocations
 + Level 1.0 Invocations


You had 11 spell levels left.
You knew the following spells:

 Your Spells              Type           Power      Damage    Failure   Level
a - Magic Dart            Conj           48%        1d5       8%          1
b - Blink                 Tloc           42%        N/A       4%          2
d - Vampiric Draining     Necr           22%        2d7       9%          3
p - Apportation           Tloc           42%        N/A       3%          1
t - Teleport Other        Tloc           21%        N/A       9%          3

Your spell library contained the following spells:

 Spells                   Type           Power      Damage    Failure   Level
 Shock                    Conj/Air       40%        1d5       10%         1
 Lesser Beckoning         Tloc           42%        N/A       4%          2
 Gell's Gravitas          Tloc           21%        N/A       9%          3
 Ignite Poison            Fire/Tmut/Pois 7%         N/A       36%         3
 Spider Form              Tmut/Pois      7%         N/A       36%         3
 Cause Fear               Hex            3%         N/A       77%         4
 Summon Mana Viper        Hex/Summ       7%         N/A       98%         5


Dungeon Overview and Level Annotations

Branches:
Dungeon (6/15)
 Temple: D:4-7

Altars:
Dithmenos
Hepliaklqana
Okawaru
Qazlal
Trog
Vehumet
Zin
The Shining One

Shops:
D:2 =   D:4 (


Message History

The magic dart hits the white imp.
The white imp is almost dead.
Casting: Magic Dart (safe; 8% risk of failure)
Confirm with . or Enter, or press ? or * to list all spells.
Aiming: Magic Dart (safe; 8% risk of failure)
Press: ? - help, Shift-Dir - straight line, f/p - white imp
Aim: a white imp (almost dead, 100% to hit)
The magic dart hits the white imp.
The white imp is almost dead.
The white imp shouts, "Run away, thou bumbling boil-brained crab-lanthorn!"
The white imp gestures at you. The puff of frost hits you!
Casting: Magic Dart (safe; 8% risk of failure)
Confirm with . or Enter, or press ? or * to list all spells.
Aiming: Magic Dart (safe; 8% risk of failure)
Press: ? - help, Shift-Dir - straight line, f/p - white imp
Aim: a white imp (almost dead, 100% to hit)
The magic dart hits the white imp but does no damage.
The white imp is almost dead.
You barely miss the white imp.
The white imp is almost dead.
The white imp gestures at you. The puff of frost hits you!
The white imp hits you.
* * * LOW HITPOINT WARNING * * *
The white imp freezes you.
* * * LOW HITPOINT WARNING * * *
Casting: Magic Dart (safe; 8% risk of failure)
Confirm with . or Enter, or press ? or * to list all spells.
Aiming: Magic Dart (safe; 8% risk of failure)
Press: ? - help, Shift-Dir - straight line, f/p - white imp
Aim: a white imp (almost dead, 100% to hit)
The magic dart hits the white imp but does no damage.
The white imp is almost dead.
The white imp gestures at you. The puff of frost misses you.
You hit the white imp but do no damage.
The white imp is almost dead.
The white imp gestures at you. The puff of frost hits you!
You die...

#Y.#..#..#
......##..#
#.#........#
..#........####
.### #.....#
#.....###
#........
#......##
#@5......
###.##### #


You could see a white imp.

Vanquished Creatures
  2 scorpions (D:5)
  A gnoll bouda (D:4)
  3 hounds
  4 iguanas
  A sleepcap (D:5)
  11 gnolls
  9 adders
  A white imp (D:5)
  A worm (D:4)
  3 dart slugs
  10 orcs
  6 ball pythons
  4 endoplasms
  8 goblins
  5 hobgoblins
  A quokka (D:1)
  4 bats
  4 frilled lizards
  5 kobolds
  A rat (D:2)
84 creatures vanquished.

Notes
Turn   | Place    | Note
-------+----------+-------------------------------------------
     0 | D:1      | Esekla the Deep Elf Wanderer began the quest for the Orb.
     0 | D:1      | Esekla set off with the following items: a +0 club, a
                  | potion of lignification, a +0 robe, a +0 buckler; and the
                  | following spells available to memorise: Apportation, Blink,
                  | Lesser Beckoning, Magic Dart, Ignite Poison, Vampiric
                  | Draining.
     0 | D:1      | Reached XP level 1. HP: 10/10 MP: 7/7
     2 | D:1      | Learned a level 1 spell: Magic Dart
     4 | D:1      | Learned a level 1 spell: Apportation
   183 | D:1      | Reached skill level 1 in Necromancy
   271 | D:2      | You fall into a shaft and drop 2 floors!
   312 | D:4      | Found a radiant altar of Vehumet.
   324 | D:4      | Found an iron altar of Okawaru.
   333 | D:4      | Found a glowing silver altar of Zin.
   410 | D:4      | Became a worshipper of Vehumet
   436 | D:4      | Reached XP level 2. HP: 15/15 MP: 5/9
   896 | D:4      | Found Ponaysk's Antique Weapon Boutique.
   966 | D:3      | Reached skill level 5 in Spellcasting
  1111 | D:3      | Learned a level 2 spell: Blink
  1471 | D:2      | Reached XP level 3. HP: 19/19 MP: 9/11
  1475 | D:2      | Learned a level 3 spell: Vampiric Draining
  1589 | D:1      | Reached * piety under Vehumet
  1589 | D:1      | Offered knowledge of Shock by Vehumet.
  1612 | D:1      | Learned a level 3 spell: Teleport Other
  1786 | D:2      | Reached skill level 1 in Dodging
  1868 | D:2      | Found Renulab's Jewellery Shop.
  1891 | D:3      | Identified the +5 rapier of the Hero {heavy, rN+ Dex+3}
  2261 | D:2      | Noticed a black bear
  2303 | D:2      | Reached XP level 4. HP: 24/24 MP: 9/13
  2738 | D:3      | Found a stormy altar of Qazlal.
  2741 | D:3      | Found a hazy altar of Hepliaklqana.
  2741 | D:3      | Found a bloodstained altar of Trog.
  2751 | D:3      | Reached skill level 6 in Spellcasting
  3046 | D:4      | Reached XP level 5. HP: 28/28 MP: 10/15
  3064 | D:5      | Entered Level 5 of the Dungeon
  3123 | D:5      | Found a shadowy altar of Dithmenos.
  3166 | D:5      | Got the Parchment of the Lumpy Olives
  3199 | D:4      | Reached skill level 1 in Conjurations
  3241 | D:4      | Reached skill level 1 in Short Blades
  3339 | D:2      | Found a faded altar of an unknown god.
  3688 | D:4      | Reached XP level 6. HP: 29/32 MP: 11/17
  3706 | D:4      | Found a glowing golden altar of the Shining One.
  3817 | D:4      | Reached skill level 7 in Spellcasting
  4338 | D:6      | Noticed an ice beast
  4490 | D:5      | Reached XP level 7. HP: 32/36 MP: 14/20
  4917 | D:6      | Killed from afar by a white imp

Illustrated notes

Levels and vault maps discovered:
D:1:      sevenhm_arrival_forest_fort_small_3, layout_rooms,
          chequers_serial_rivers_room_b, minmay_misc_feat_five
D:2:      layout_loops_ring, dreamdust_ecumenical_altar_angels_and_demons,
          serial_shops, shop
D:3:      layout_basic, grunt_temple_overflow_open, minmay_misc_feat_iff
D:4:      layout_basic, nicolae_overflow_quartered_altars, serial_shops,
          nicolae_diamond_shop
D:5:      layout_loops_ring, lemuel_doored_altar, minmay_misc_feat_rows,
          dreamdust_wishing_well
D:6:      layout_loops_cross, fedhas_altar_fruit_tree,
          minmay_temple_entry_glass, uniq_pikel, uniq_blork_the_orc

Skill      XL: |  1  2  3  4  5  6  7 |
---------------+----------------------+-----
Necromancy     | 1 2 3 |  3.5
Spellcasting   | 5 6 7 |  7.8
Dodging        | 1 2 3 |  3.3
Conjurations   | 1 |  1.2
Short Blades   | 1 |  1.4
Translocations | 3 |  3.4
Shields        | 2 |  2.4
Throwing       | |  0.4
Stealth        | |  1.4
Invocations    | |  1.0

Action                     |  1- 3 |  4- 6 |  7- 9 || total
---------------------------+-------+-------+-------++-------
  Melee: Short sword       |    64 |    10 |       ||    74
         Rapier            |       |    19 |     5 ||    24
         Dagger            |       |    74 |    42 ||   116
  Throw: Dart              |       |    10 |     3 ||    13
   Cast: Apportation       |    28 |     5 |       ||    33
         Magic Dart        |    67 |    26 |     7 ||   100
         Vampiric Draining |       |    38 |     5 ||    43
         Blink             |       |     4 |       ||     4
   Stab: Sleeping          |     1 |     4 |       ||     5
 Armour: Robe              |    16 |    21 |    17 ||    54
  Dodge: Dodged            |    37 |    55 |    21 ||   113
  Block: Buckler           |    10 |    28 |    13 ||    51
